 Dungeon Crawl Stone Soup version 0.20.1-1-g8b1a95d (webtiles) character file.

58 slep the Ducker (level 3, -10/17 HPs)
             Began as a Felid Fighter on Nov 2, 2017.
             Mangled by ChromeMolly's ghost (13 damage)
             ... on level 3 of the Dungeon.
             The game lasted 00:07:42 (1009 turns).

slep the Ducker (Felid Fighter)                     Turns: 1009, Time: 00:07:42

Health: -10/17     AC:  1    Str: 18    XL:     3   Next: 76%
Magic:  4/4        EV: 20    Int:  9    God:
Gold:   63         SH:  4    Dex: 15    Spells: 2/2 levels left
                                        Lives:  0   Deaths: 0

rFire    . . .     SeeInvis +     - Unarmed
rCold    + . .     Gourm    .   (shield unavailable)
rNeg     . . .     Faith    .   (armour unavailable)
rPois    .         Spirit   .   (helmet unavailable)
rElec    .         Reflect  .   (cloak unavailable)
rCorr    .         Harm     .   (gloves unavailable)
MR       .....     Rnd*Tele +   (boots unavailable)
Stlth    ++........             c - amulet of rage
Regen    0.1/turn               j - ring of teleportation (curse)
MPRegen  0.1/turn               p - ring of protection from cold

@: mighty, quick
A: no armour, no weapons or thrown items, stealth, claws 1, fangs 3, large bone
plates 1, see invisible, carnivore 3, speed 1, shaggy fur 1, slow metabolism 1,
subdued magic 1, sharp paws
a: Evoke Berserk Rage


You were on level 3 of the Dungeon.
You were completely stuffed.

You visited 1 branch of the dungeon, and saw 3 of its levels.

You collected 63 gold pieces.

Inventory:

Jewellery
 c - an amulet of rage (around neck)
 j - a cursed ring of teleportation (left paw)
 p - a ring of protection from cold (right paw)
Scrolls
 d - 2 scrolls of recharging {unknown}
 e - a scroll of random uselessness {unknown}
 k - a scroll of identify {unknown}
 m - a scroll of remove curse {unknown}
 n - a scroll of amnesia {unknown}
 o - 2 scrolls of teleportation {unknown}
Potions
 h - a potion of heal wounds
Comestibles
 b - 3 meat rations
 f - 9 chunks of flesh
 g - a royal jelly


   Skills:
 + Level 3.1 Fighting
 + Level 4.9 Dodging
 + Level 0.8 Stealth
 + Level 4.8 Unarmed Combat


You had 2 spell levels left.
You didn't know any spells.

Dungeon Overview and Level Annotations

Branches:
Dungeon (3/15)

Altars:
Elyvilon

Annotations:
D:3 ChromeMolly's ghost, amateur OpFi


Innate Abilities, Weirdness & Mutations

You cannot wear armour.
You are incapable of wielding weapons or throwing items.
Your paws allow you to move quietly. (Stealth)
You have sharp claws.
You have razor-sharp teeth.
You have supernaturally acute eyesight. (SInv)
You are carnivorous and can eat meat at any time.
You cover ground quickly.
You are covered in fur. (AC +1)
You have a slow metabolism.
Your sharp claws are effective at attacking unaware monsters.
You are partially covered in large bone plates. (SH +4)
Your spells are a little easier to cast, but a little less powerful.


Message History

You see here a bat corpse.
You butcher the bat corpse.
f - 9 chunks of flesh (gained 1)
You see here a bat skeleton.
A kobold comes into view.
You scratch the kobold.
You kill the kobold!
Things that are here:
a blowgun; 9 poisoned needles ChromeMolly's ghost (amateur Octopode Fighter) comes into view.
You feel very mighty all of a sudden.
You closely miss ChromeMolly's ghost.
ChromeMolly's ghost turns its malevolent gaze towards you.
ChromeMolly's ghost hits you!
Ouch! That really hurt!
* * * LOW HITPOINT WARNING * * *
You scratch ChromeMolly's ghost but do no damage.
ChromeMolly's ghost hits you!
Ouch! That really hurt!
You die...

#.รท..<.......>.
#.##.#...###...
#.##.##..# ..#
#.##.# #.# .
#.#..# ## #.#.##
#.########.#.
#.......)..#
#####.@...#
#W##### #. #. #.
#. ##


You could see ChromeMolly's ghost.

Vanquished Creatures
  2 adders (D:2)
  A worm (D:2)
  2 leopard geckos
  6 bats
  3 giant cockroaches
  2 goblins
  2 hobgoblins
  2 quokkas
  2 ball pythons
  2 frilled lizards (D:2)
  6 kobolds
  6 rats
36 creatures vanquished.

Notes
Turn   | Place    | Note
-------+----------+-------------------------------------------
     0 | D:1      | slep the Felid Fighter began the quest for the Orb.
     0 | D:1      | Reached XP level 1. HP: 10/10 MP: 2/2
   120 | D:1      | Reached XP level 2. HP: 8/14 MP: 3/3
   646 | D:2      | Reached XP level 3. HP: 16/17 MP: 4/4
   824 | D:2      | Gained mutation: Your spells are a little easier to cast, but a little less powerful. [potion of mutation]
   824 | D:2      | Gained mutation: You are partially covered in large bone plates. (SH +4) [potion of mutation]
   872 | D:2      | Found a white marble altar of Elyvilon.
  1006 | D:3      | Noticed ChromeMolly's ghost (amateur OpFi)
  1009 | D:3      | Mangled by ChromeMolly's ghost

Action                   || total
-------------------------++-------
Melee: Unarmed           ||    88
       Bite              ||     5
       Punch             ||     2
  Use: Potion            ||     5
 Stab: Sleeping          ||     2
  Eat: Chunk             ||     7
Armor: Skin              ||     5
Dodge: Dodged            ||    63
Block: Other             ||     2
